 Dungeon Sprint DCSS version 0.30.1-4-g462c640d31 (webtiles) character file.

Game seed: 17909109857354196482

13306 Heoruswealwe the Brawler (level 11, -1/127 HPs)
             Began as a Troll Berserker on Aug 17, 2023.
             Was the Champion of Trog.
             Slain by a fire giant
             ... wielding a +2 great sword of flaming
              (23 damage)
             ... in the Dungeon (Sprint I: "Red Sonja").
             The game lasted 00:36:43 (1527 turns).

Heoruswealwe the Brawler (Troll Berserker)          Turns: 1527, Time: 00:36:43

Health: -1/127     AC:  7    Str: 34    XL:     11   Next: 73%
Magic:  10/10      EV: 13    Int:  6    God:    Trog [******]
Gold:   821        SH:  0    Dex:  9    Spells: 10/10 levels left

rFire   . .          .
                       - Unarmed
rCold   x . .        (no shield)
rNeg    + . .        n - +1 robe {Will+}
rPois   +            a - +0 hat "Soymma" {Will+ rCorr}
rElec   .            p - +1 cloak {Will+}
rCorr   +            (gloves unavailable)
SInv    +            (boots unavailable)
Will    +++..        k - amulet "Yho Lua" {Acrobat rPois rC- Str+3 Int+3 SInv}
Stlth   +            o - ring of Otihuynn {Fly rN+}
HPRegen 1.21/turn    (no ring)
MPRegen 0.12/turn

%: no teleportation, acrobat
@: on berserk cooldown, flying, slowed, very slow
A: large, unfitting armour, claws 3, regeneration 1, shaggy fur 1, tough skin 1
a: Renounce Religion, Berserk, Trog's Hand, Brothers in Arms


You were in the Dungeon.
You worshipped Trog.
Trog was exalted by your worship.
You visited 1 branch You collected 2961 gold pieces.
You spent 2140 gold pieces at shops.

Inventory:

Armour
 a - the +0 hat "Soymma" (worn) {Will+ rCorr}
   (You bought it in a shop in the Dungeon)

   rCorr:     It protects you from acid and corrosion.
   Will:      It increases your willpower.
 n - a +1 robe of willpower (worn)
 p - a +1 cloak of willpower (worn)
Jewellery
 k - the amulet "Yho Lua" (around neck) {Acrobat rPois rC- Str+3 Int+3 SInv}
   (You bought it in a shop in the Dungeon)

   [amulet of the acrobat]

   It increases your evasion while moving and waiting.
   Str:       It affects your strength (+3).
   Int:       It affects your intelligence (+3).
   rC:        It makes you vulnerable to cold.
   rPois:     It protects you from poison.
   SInv:      It lets you see invisible.
 o - the ring of Otihuynn (left claw) {Fly rN+}
   (You bought it in a shop in the Dungeon)

   [ring of flight]

   rN:        It protects you from negative energy.
   Fly:       It grants you flight.
Wands
 h - a wand of charming (6)
Scrolls
 e - a scroll of enchant weapon
 j - 7 scrolls of identify
Potions
 b - 2 potions of curing
 f - 2 potions of berserk rage
 i - a potion of mutation
Miscellaneous
 m - a condenser vane


   Skills:
 + Level 13.0 Fighting
 + Level 13.1 Dodging
 * Level 20.8 Unarmed Combat


You had 10 spell levels left.
You didn't know any spells.
Your spell library was empty.

Dungeon Overview and Level Annotations

Branches:
Dungeon (1/1)

Altars:
Cheibriados
Dithmenos
Elyvilon
Fedhas
Gozag
Hepliaklqana
Kikubaaqudgha
Makhleb
Nemelex Xobeh
Okawaru
Qazlal
Ru
Sif Muna
Trog
Uskayaw
Vehumet
Wu Jian
Xom
Yredelemnul
Zin
The Shining One
Jiyva
Lugonu

Shops:
D ?*[=((=[([:*[=[?


Innate Abilities, Weirdness & Mutations

You are too large for most types of armour.
You have claws for hands.
Your natural rate of healing is unusually fast.
You are covered in fur. (AC +1)
You have tough skin. (AC +1)


Message History

Trog appreciates your killing of a magic user.
Your Fighting skill increases to level 13!
Your Dodging skill increases to level 13!
Found 101 gold pieces.
You are no longer berserk.
You are exhausted.
You feel yourself slow down.
The fire giant hits you with a +2 great sword of flaming!!
* * * LOW HITPOINT WARNING * * *
The fire giant burns you.
* * * LOW HITPOINT WARNING * * *
You see here a +1 great sword of flaming.
You are confused.
You feel invigorated.
The fire giant hits you with a +2 great sword of flaming.
* * * LOW HITPOINT WARNING * * *
The fire giant burns you.
* * * LOW HITPOINT WARNING * * *
The fire giant closely misses you.
You bump into the stone wall.
The fire giant hits you with a +2 great sword of flaming!!
* * * LOW HITPOINT WARNING * * *
The fire giant burns you!
* * * LOW HITPOINT WARNING * * *
You feel better.
You feel less invigorated.
The fire giant hits you with a +2 great sword of flaming.
* * * LOW HITPOINT WARNING * * *
The fire giant burns you.
* * * LOW HITPOINT WARNING * * *
The fire giant completely misses you.
You feel better.
The fire giant hits you with a +2 great sword of flaming!
* * * LOW HITPOINT WARNING * * *
The fire giant burns you.
* * * LOW HITPOINT WARNING * * *
As you read the scroll of fear, it crumbles to dust.
You assume a fearsome visage.
The fire giant easily resists.
The fire giant looks frightened!
The fire giant hits you with a +2 great sword of flaming!!
You die...

'###.###.#..##*°.###..#+###,,~*,,
...'.∩##.#..#*##$$*##...#,~,,**,,
########§##'#,,#)$*,###.#,~,,*,,,
.....§##.##.#,,$$$$,,,#.#**,,*,,,
.......+§####,,$$$$,,,#.#,+,,**,,
''######§#,,+,,$$$$####'#,**+**,,
.....÷)#§#****,,,###....#,*~~~**,
.....÷#+§#$)$#####)..####,*~~~~**
.[...~####(...CC@..###^,^,*~~~~~*
?[..~~#*,$?....#####,,,,****~~~~*
..~~~##*,$....**,,,,,,,,*,,*+~~~+
~~~### *,....**,,,,,,,,,*,,,**~~*
###'###*,$$$,*,,,,,^,^,^*,,,,****
####∩∩#**##*******,^,,,,*,,,,*~~~
∩∩∩∩∩##*~≈~~~~~~,*,,,,,,*******~~
###### ***********,,,,^,+,,*,,+,,
*,,,,,+,,,,,,,^,,*,,+,,*,,


You could see 2 fire giants.

Vanquished Creatures
  2 fire giants (D)
  A lorocyproca (D)
  A hydra (D)
  2 centaur warriors (D)
  A deep troll (D)
  A lindwurm (D)
  An oklob plant (D)
  4 demonic crawlers (D)
  A gargoyle (D)
  7 unseen horrors (D)
  2 kobold demonologists (D)
  A hornet (D)
  A slime creature (D)
  Sigmund (D)
  A yak (D)
  13 hogs (D)
  2 redbacks (D)
  3 floating eyes (D)
  An ogre (D)
  7 necrophages (D)
  8 jellies (D)
  Ijyb (D)
62 creatures vanquished.

Notes
Turn   | Place    | Note
-------+----------+-------------------------------------------
     0 | D        | Heoruswealwe the Troll Berserker began the quest for the
                  | Orb.
     0 | D        | Reached XP level 1. HP: 22/22 MP: 0/0
     1 | D        | Noticed Ijyb
    11 | D        | Killed Ijyb
    12 | D        | Reached skill level 5 in Unarmed Combat
    12 | D        | Reached XP level 2. HP: 31/31 MP: 1/1
    48 | D        | Noticed an ogre
    53 | D        | Killed an ogre
    54 | D        | Reached skill level 7 in Unarmed Combat
    54 | D        | Reached XP level 3. HP: 39/40 MP: 2/2
    54 | D        | Reached XP level 4. HP: 48/49 MP: 3/3
    94 | D        | Noticed Sigmund
   102 | D        | Killed Sigmund
   102 | D        | Reached ** piety under Trog
   103 | D        | Reached skill level 5 in Fighting
   103 | D        | Reached skill level 5 in Dodging
   103 | D        | Reached skill level 9 in Unarmed Combat
   103 | D        | Reached XP level 5. HP: 48/59 MP: 4/4
   103 | D        | Reached XP level 6. HP: 54/67 MP: 5/5
   116 | D        | Found a burning altar of Makhleb.
   116 | D        | Found a viscous altar of Jiyva.
   116 | D        | Found a shimmering altar of Xom.
   116 | D        | Found a corrupted altar of Lugonu.
   116 | D        | Noticed a slime creature
   123 | D        | Killed a slime creature
   124 | D        | Reached skill level 10 in Unarmed Combat
   143 | D        | Found an ornate altar of the Wu Jian Council.
   143 | D        | Found a shimmering blue altar of Sif Muna.
   145 | D        | Found a radiant altar of Vehumet.
   174 | D        | Found Kuetsal's Magic Scroll Emporium.
   174 | D        | Found an ancient bone altar of Kikubaaqudgha.
   174 | D        | Found a hazy altar of Hepliaklqana.
   174 | D        | Found a stormy altar of Qazlal.
   174 | D        | Found a hide-covered altar of Uskayaw.
   174 | D        | Found a blossoming altar of Fedhas.
   174 | D        | Found a bloodstained altar of Trog.
   174 | D        | Found an iron altar of Okawaru.
   174 | D        | Found a basalt altar of Yredelemnul.
   174 | D        | Found a glowing golden altar of the Shining One.
   174 | D        | Found a snail-covered altar of Cheibriados.
   174 | D        | Found a sacrificial altar of Ru.
   174 | D        | Found a glowing silver altar of Zin.
   174 | D        | Found a shadowy altar of Dithmenos.
   174 | D        | Found a white marble altar of Elyvilon.
   174 | D        | Noticed a yak
   180 | D        | Killed a yak
   180 | D        | Reached *** piety under Trog
   181 | D        | Reached skill level 11 in Unarmed Combat
   181 | D        | Reached XP level 7. HP: 78/78 MP: 6/6
   181 | D        | Found an opulent altar of Gozag.
   182 | D        | Found a sparkling altar of Nemelex Xobeh.
   186 | D        | Bought a scroll of identify for 22 gold pieces
   186 | D        | Bought a scroll of identify for 22 gold pieces
   186 | D        | Bought a scroll of identify for 22 gold pieces
   208 | D        | Noticed a kobold demonologist
   208 | D        | Noticed a kobold demonologist
   210 | D        | Noticed a rust devil
   210 | D        | Killed a kobold demonologist
   211 | D        | Reached skill level 12 in Unarmed Combat
   216 | D        | Noticed a red devil
   217 | D        | Killed a kobold demonologist
   218 | D        | Reached skill level 13 in Unarmed Combat
   218 | D        | Reached XP level 8. HP: 88/88 MP: 7/7
   218 | D        | Reached **** piety under Trog
   233 | D        | Noticed a centaur warrior
   233 | D        | Noticed a centaur warrior
   247 | D        | Killed a centaur warrior
   248 | D        | Reached skill level 14 in Unarmed Combat
   253 | D        | Killed a centaur warrior
   254 | D        | Reached skill level 15 in Unarmed Combat
   254 | D        | Reached XP level 9. HP: 40/100 MP: 8/8
   318 | D        | Noticed a deep troll
   321 | D        | Killed a deep troll
   333 | D        | Found Vaosta's Armour Emporium.
   366 | D        | Reached ***** piety under Trog
   379 | D        | Noticed an oklob plant
   385 | D        | Killed an oklob plant
   386 | D        | Reached skill level 10 in Fighting
   386 | D        | Reached skill level 10 in Dodging
   386 | D        | Reached skill level 16 in Unarmed Combat
   400 | D        | Received a gift from Trog
   442 | D        | Reached XP level 10. HP: 111/111 MP: 9/9
   465 | D        | Received a gift from Trog
   496 | D        | Reached skill level 17 in Unarmed Combat
   531 | D        | Found Zaagao's Antique Armour Shoppe.
   531 | D        | Found Ikymytu Wifo's Assorted Antiques.
   531 | D        | Found Guhich's Jewellery Boutique.
   533 | D        | Found Inkiuja's Weapon Emporium.
   533 | D        | Found Raafauxt's Weapon Shop.
   533 | D        | Found Zuza's Jewellery Shoppe.
   533 | D        | Found Fiumus's Antique Armour Boutique.
   533 | D        | Found Daukk's Antique Weapon Emporium.
   533 | D        | Found Asmav's Armour Shop.
   533 | D        | Found Luomarey's Book Shoppe.
   535 | D        | Bought a notched steel ring for 125 gold pieces
   535 | D        | Bought a smoky emerald potion for 22 gold pieces
   550 | D        | Found Wudi's Assorted Antiques.
   551 | D        | Found Roetsene's Jewellery Emporium.
   551 | D        | Found Guovuviy's Antique Armour Boutique.
   552 | D        | Found Ippulaha's Magic Scroll Emporium.
   558 | D        | Bought a scroll labelled FERGHA DYCZIVOF for 21 gold pieces
   558 | D        | Bought a scroll labelled XIGUAT IGEIRE for 21 gold pieces
   561 | D        | Bought a scroll of magic mapping for 97 gold pieces
   561 | D        | Bought 3 scrolls of identify for 78 gold pieces
   595 | D        | Bought the amulet "Yho Lua" {Acrobat rPois rC- Str+3 Int+3
                  | SInv} for 561 gold pieces
   627 | D        | Bought the ring of Otihuynn {Fly rN+} for 344 gold pieces
   635 | D        | Acquired 844 gold pieces
   643 | D        | Bought a glowing robe for 96 gold pieces
   643 | D        | Bought an embroidered cloak for 195 gold pieces
   674 | D        | Bought a smoking hat for 216 gold pieces
   674 | D        | Identified the +0 hat "Soymma" {Will+ rCorr} (You bought it
                  | in a shop in the Dungeon)
   674 | D        | Bought a glowing hat for 168 gold pieces
   709 | D        | Bought a scroll of identify for 26 gold pieces
   709 | D        | Bought a scroll of identify for 26 gold pieces
   709 | D        | Bought a scroll of identify for 26 gold pieces
   709 | D        | Bought a scroll of identify for 26 gold pieces
   709 | D        | Bought a scroll of identify for 26 gold pieces
   826 | D        | Noticed a demonic crawler
   826 | D        | Noticed a demonic crawler
   826 | D        | Noticed a demonic crawler
   826 | D        | Noticed a demonic crawler
   838 | D        | Killed a demonic crawler
   838 | D        | Reached ****** piety under Trog
   839 | D        | Killed a demonic crawler
   841 | D        | Killed a demonic crawler
   846 | D        | Killed a demonic crawler
   847 | D        | Reached skill level 18 in Unarmed Combat
   877 | D        | Noticed a lindwurm
   880 | D        | Killed a lindwurm
   880 | D        | Received a gift from Trog
   911 | D        | Noticed a gargoyle
   916 | D        | Killed a gargoyle
   927 | D        | Noticed a lorocyproca
   935 | D        | Killed a lorocyproca
   936 | D        | Reached XP level 11. HP: 68/123 MP: 0/10
  1115 | D        | Reached skill level 19 in Unarmed Combat
  1125 | D        | Received a gift from Trog
  1140 | D        | Received a gift from Trog
  1166 | D        | Noticed a 12-headed hydra
  1171 | D        | Killed a 14-headed hydra
  1308 | D        | Noticed a daeva
  1317 | D        | Reached skill level 20 in Unarmed Combat
  1317 | D        | Received a gift from Trog
  1503 | D        | Noticed a fire giant
  1508 | D        | Noticed a fire giant
  1509 | D        | Noticed a fire giant
  1511 | D        | Noticed a fire giant
  1514 | D        | Killed a fire giant
  1521 | D        | Killed a fire giant
  1524 | D        | HP: 6/127 [fire giant/+2 great sword of flaming (11)]
  1527 | D        | Slain by a fire giant

Illustrated notes

Levels and vault maps discovered:
D:        dungeon_sprint_1 [red_sonja_temple_1, red_sonja_temple_small_1]

Skill      XL: |  1  2  3  4  5  6  7  8  9 10 11 |
---------------+----------------------------------+-----
Fighting       | 3 4 5 7 8 9 10 11 13 | 13.0
Dodging        | 3 4 5 7 8 9 10 11 13 | 13.1
Unarmed Combat | 5 7 9 11 13 15 16 18 20 | 20.8

Action                     |  1- 3 |  4- 6 |  7- 9 | 10-12 || total
---------------------------+-------+-------+-------+-------++-------
  Melee: Unarmed           |    12 |    20 |    32 |   120 ||   184
         Punch             |       |     1 |     2 |    11 ||    14
 Invoke: Berserk           |     2 |       |     1 |     3 ||     6
    Use: Scroll            |       |       |     3 |     9 ||    12
         Potion            |       |       |     1 |     4 ||     5
 Armour: Animal skin       |     1 |     2 |     4 |       ||     7
         Robe              |       |       |       |    16 ||    16
  Dodge: Dodged            |     3 |     7 |     9 |    73 ||    92
